 Dungeon Crawl Stone Soup version 0.27.1-4-g1640c2035a (webtiles) character file.

Game seed: 15189371689726157855

74 Yllest the Grave Robber (level 4, 0/24 HPs)
             Began as a Deep Elf Necromancer on Nov 16, 2021.
             Slain by a worm (6 damage)
             ... on level 2 of the Dungeon.
             The game lasted 00:04:53 (1634 turns).

Yllest the Grave Robber (Deep Elf Necromancer)      Turns: 1634, Time: 00:04:56

Health: 0/24       AC:  2    Str:  5    XL:     4   Next: 10%
Magic:  7/12       EV: 12    Int: 21    God:
Gold:   33         SH:  0    Dex: 15    Spells: 9/11 levels left

rFire    . . .     SeeInvis .   (no weapon)
rCold    . . .     Faith    .   (no shield)
rNeg     . . .     Spirit   .   a - +0 robe
rPois    .         Reflect  .   (no helmet)
rElec    .         Harm     .   (no cloak)
rCorr    .         Rampage  .   (no gloves)
Will     .....                  (no boots)
Stlth    ++........             (no amulet)
HPRegen  0.08/turn              (no ring)
MPRegen  0.13/turn              (no ring)

@: no status effects
A: no striking features
a: no special abilities


You were on level 2 of the Dungeon.
You visited 1 branch of the dungeon, and saw 2 of its levels.

You collected 33 gold pieces.

Inventory:

Armour
 a - a +0 robe (worn)
Scrolls
 c - a scroll of blinking {unknown}
 f - a scroll of brand weapon {unknown}
 g - 3 scrolls of teleportation {unknown}
 h - a scroll of vulnerability {unknown}
Potions
 d - a potion of haste


   Skills:
 + Level 2.6 Dodging
 + Level 2.5 Stealth
 + Level 4.4 Spellcasting
 * Level 6.0 Necromancy


You had 9 spell levels left.
You knew the following spells:

 Your Spells              Type           Power      Damage    Failure   Level
a - Pain                  Necr           100%       1d9       1%          1
b - Animate Skeleton      Necr           58%        N/A       1%          1

Your spell library contained the following spells:

 Spells                   Type           Power      Damage    Failure   Level
 Vampiric Draining        Necr           14%        2d8       3%          3
 Animate Dead             Necr           14%        N/A       10%         4
 Agony                    Necr           29%        N/A       26%         5


Dungeon Overview and Level Annotations

Branches:
Dungeon (2/15)

Altars:

Annotations:
D:2 Terence


Message History

You feel sick. The adder bites you but does no damage.
Aiming: Pain (safe; 1% risk of failure)
Press: ? - help, Q - select action, (/) - cycle Shift-Dir - straight line, f/p - adder
Aim: an adder (severely wounded, ally target, chance to affect: 89%)
The adder writhes in agony.
You kill the adder!
* * * LOW HITPOINT WARNING * * *
You feel sick.
Your Necromancy skill increases to level 6!
You have reached level 4!
You feel clever.
You feel sick.
You are no longer poisoned.
You start resting.
Your frilled lizard skeleton crumbles into dust!
Magic restored.
You start resting.
A worm comes into view.
Aiming: Pain (safe; 1% risk of failure)
Press: ? - help, Q - select action, (/) - cycle Shift-Dir - straight line, f - worm
Aim: a worm (wandering, hasn't noticed you, chance to affect: 89%)
The worm writhes in agony.
Aiming: Pain (safe; 1% risk of failure)
Press: ? - help, Q - select action, (/) - cycle Shift-Dir - straight line, f/p - worm
Aim: a worm (lightly wounded, chance to affect: 89%)
The worm writhes in agony.
Aiming: Pain (safe; 1% risk of failure)
Press: ? - help, Q - select action, (/) - cycle Shift-Dir - straight line, f/p - worm
Aim: a worm (lightly wounded, chance to affect: 89%)
The worm writhes in agony!
Aiming: Pain (safe; 1% risk of failure)
Press: ? - help, Q - select action, (/) - cycle Shift-Dir - straight line, f/p - worm
Aim: a worm (severely wounded, chance to affect: 89%)
The worm writhes in agony.
Aiming: Pain (safe; 1% risk of failure)
Press: ? - help, Q - select action, (/) - cycle Shift-Dir - straight line, f/p - worm
Aim: a worm (severely wounded, chance to affect: 89%)
The worm writhes in agony.
The worm bites you.
You die...

#....# #.#.....## #.#.......
####..####...#.#..##. #.#.......
@...........##.# .....##.#.......
##.....####.##.# #.##............
...#..### #.##.# #.# ###.........
........# #.##.###.###...#...(...
######..###............###.......
######.......#.#w####### #.<.....
...†...........#@# #.....<.
######.#....>.†..# ########
#..........## #...........#
#...........# #...........#
#..........## .!...(..#...##
..###########


You could see a worm.

Vanquished Creatures
  2 gnolls (D:1)
  2 adders (D:2)
  A worm (D:2)
  A ball python (D:1)
  An endoplasm (D:1)
  2 giant cockroaches
  3 goblins
  5 hobgoblins
  6 jackals
  A quokka (D:1)
  3 bats
  3 frilled lizards
  4 rats
34 creatures vanquished.

Notes
Turn   | Place    | Note
-------+----------+-------------------------------------------
     0 | D:1      | Yllest the Deep Elf Necromancer began the quest for the
                  | Orb.
     0 | D:1      | Reached XP level 1. HP: 10/10 MP: 6/6
    91 | D:1      | Reached skill level 5 in Necromancy
   406 | D:1      | Reached XP level 2. HP: 13/15 MP: 6/8
   947 | D:1      | Reached XP level 3. HP: 16/19 MP: 6/10
  1393 | D:2      | Noticed Terence
  1448 | D:2      | Learned a level 1 spell: Animate Skeleton
  1519 | D:2      | Reached skill level 6 in Necromancy
  1519 | D:2      | Reached XP level 4. HP: 2/24 MP: 3/12
  1634 | D:2      | Slain by a worm

Illustrated notes

Levels and vault maps discovered:
D:1:      dpeg_arrival_round_a, layout_rooms, nrook_mini_vaults,
          lemuel_flame_loot_1
D:2:      layout_rooms, minmay_misc_feat_roman, minmay_tiny_reverse_x,
          uniq_terence, uniq_crazy_yiuf_cottage, uniq_sigmund

Skill      XL: |  1  2  3 |
---------------+----------+-----
Necromancy     | 5 6 |  6.0
Spellcasting   | 4 |  4.4
Dodging        | |  2.6
Stealth        | |  2.5

Action                   |  1- 3 |  4- 6 || total
-------------------------+-------+-------++-------
Melee: Unarmed           |     6 |       ||     6
 Cast: Pain              |    56 |     5 ||    61
       Animate Skeleton  |     1 |       ||     1
  Use: Potion            |     3 |       ||     3
       Scroll            |     1 |       ||     1
 Stab: Sleeping          |     1 |       ||     1
Armor: Robe              |     9 |       ||     9
Dodge: Dodged            |    14 |       ||    14
